 Dungeon Crawl Stone Soup version 0.31-a0-18-gea43df2 (webtiles) character file.

Game seed: 3765495859994933132

59 Nithhogg the Trooper (level 4, -6/40 HPs)
             Began as a Hill Orc Fighter on May 8, 2023.
             Mangled by Terence
             ... wielding a +4 flail
              (9 damage)
             ... on level 3 of the Dungeon.
             The game lasted 00:03:31 (1698 turns).

Nithhogg the Trooper (Hill Orc Fighter)             Turns: 1698, Time: 00:03:32

Health: -6/40      AC:  7    Str: 20    XL:     4   Next: 3%
Magic:  5/5        EV:  9    Int:  8    God:
Gold:   115        SH:  0    Dex: 10    Spells: 3/3 levels left

rFire   . . .        a - +0 war axe
rCold   . . .        (no shield)
rNeg    . . .        b - +0 scale mail
rPois   .            (no helmet)
rElec   .            (no cloak)
rCorr   .            (no gloves)
SInv    .            (no boots)
Will    .....        (no amulet) Stlth
                     (no ring)
HPRegen 0.26/turn    (no ring)
MPRegen 0.09/turn

%: no passive effects
@: mighty
A: no striking features
a: no special abilities


You were on level 3 of the Dungeon.
You visited 1 branch of the dungeon, and saw 3 of its levels.

You collected 115 gold pieces.

Inventory:

Hand Weapons
 a - a +0 war axe (weapon)
Armour
 b - a +0 scale mail (worn)
 c - a +0 buckler
Jewellery
 i - an amulet of magic regeneration
Scrolls
 e - a scroll of amnesia {unknown}
 f - 2 scrolls of identify {unknown}
 g - a scroll of fog {unknown}
 h - a scroll of vulnerability {unknown}
 j - 2 scrolls of teleportation {unknown}
 l - a scroll of summoning {unknown}
 n - a scroll of enchant armour {unknown}
Potions
 d - a potion of might
 k - a potion of curing {unknown}
 m - a potion of berserk rage {unknown}


   Skills:
 + Level 4.2 Fighting
 + Level 3.6 Axes
 + Level 3.8 Armour
 - Level 3.2 Shields
 + Level 2.1 Invocations


You had 3 spell levels left.
You didn't know any spells.
Your spell library contained the following spells:

 Spells                   Type           Power      Damage    Failure   Level
 Lesser Beckoning         Tloc           0%         N/A       88%         2
 Gell's Gravitas          Tloc           0%         N/A       98%         3
 Teleport Other           Tloc           0%         N/A       98%         3


Dungeon Overview and Level Annotations

Branches:
Dungeon (3/15)

Altars:

Annotations:
D:3 Terence


Message History

You are too injured to fight recklessly!
You are too injured to fight recklessly!
You are too injured to fight recklessly!
You are too injured to fight recklessly!
You are too injured to fight recklessly!
You are too injured to fight recklessly!
You are too injured to fight recklessly!
You are too injured to fight recklessly!
You are too injured to fight recklessly!
You are too injured to fight recklessly!
You are too injured to fight recklessly!
You are too injured to fight recklessly!
You are too injured to fight recklessly!
You are too injured to fight recklessly!
You are too injured to fight recklessly!
You feel very mighty all of a sudden. Terence hits you with a +4 flail.
You closely miss Terence.
Terence is lightly wounded.
Terence hits you with a +4 flail.
You barely miss Terence.
Terence is lightly wounded.
Terence hits you with a +4 flail.
* * * LOW HITPOINT WARNING * * *
Terence hits you but does no damage.
You hit Terence.
Terence is moderately wounded.
Terence barely misses you.
You hit Terence.
Terence is heavily wounded.
Terence barely misses you.
You barely miss Terence.
Terence is heavily wounded.
Terence hits you but does no damage.
You barely miss Terence.
Terence is heavily wounded.
Terence hits you with a +4 flail!
* * * LOW HITPOINT WARNING * * *
Terence hits you with a +4 flail!
You die...

#.# #.# #.#
# #.# #.
#.# #.###.#
#. ...#.###
#...#.#...#
#..@@.#.#
#.......#<#
###...#.# #
#######


You could see Terence.

Vanquished Creatures
  An adder (D:2)
  2 dart slugs
  2 bats
  3 endoplasms
  2 giant cockroaches
  7 goblins
  5 hobgoblins
  5 kobolds (D:1)
  2 quokkas (D:1)
  4 ball pythons
  3 frilled lizards (D:1)
  3 rats (D:1)
39 creatures vanquished.

Notes
Turn   | Place    | Note
-------+----------+-------------------------------------------
     0 | D:1      | Nithhogg the Hill Orc Fighter began the quest for the Orb.
     0 | D:1      | Reached XP level 1. HP: 19/19 MP: 1/1
    54 | D:1      | Reached XP level 2. HP: 9/27 MP: 2/2
    58 | D:1      | Reached skill level 1 in Invocations
   155 | D:1      | Found a faded altar of an unknown god.
   490 | D:1      | Reached skill level 4 in Fighting
   490 | D:1      | Reached XP level 3. HP: 33/33 MP: 4/4
  1485 | D:2      | Reached XP level 4. HP: 40/40 MP: 5/5
  1680 | D:3      | Noticed Terence
  1698 | D:3      | Mangled by Terence

Illustrated notes

Levels and vault maps discovered:
D:1:      lemuel_arrival_muddy, layout_loops_ring,
          hellmonk_ecumenical_altar_crossroads, serial_aquarium,
          aquarium_bridge_straight [aquarium_subvault_bridge,
          aquarium_subvault_balcony, aquarium_subvault_bridge,
          aquarium_subvault_balcony], aquarium_bridge_straight
          [aquarium_subvault_bridge, aquarium_subvault_window,
          aquarium_subvault_bridge, aquarium_subvault_window],
          aquarium_window_corner, aquarium_window_2, aquarium_window_1,
          aquarium_view_2a, aquarium_pool_side
D:2:      layout_loops_ring
D:3:      layout_basic, uniq_terence

Skill      XL: |  1  2  3 |
---------------+----------+-----
Axes           | 3 |  3.6
Invocations    | 1 2 |  2.1
Fighting       | 4 |  4.2
Armour         | |  3.8
Shields        | |  3.2

Action                     |  1- 3 |  4- 6 || total
---------------------------+-------+-------++-------
  Melee: War axe           |   111 |    20 ||   131
         Punch             |       |     2 ||     2
    Use: Potion            |       |     1 ||     1
 Armour: Scale mail        |    58 |     5 ||    63
  Dodge: Dodged            |    47 |    10 ||    57

Table legend: (Time is in decaauts)
 A = Elapsed time spent in this place.
 B = Non-inter-level travel time spent in this place.
 C = Inter-level travel time spent in this place.
 D = Time resting spent in this place.
 E = Time spent auto-exploring this place.
 F = Levels seen in this place.
 G = Mean time per level.
                   A        B        C        D        E       F      G
               +--------+--------+--------+--------+--------+-----+--------+
         Total |   1742 |   1700 |     42 |      0 |   1384 |   3 |  580.7 |
       Dungeon |   1742 |   1700 |     42 |      0 |   1384 |   3 |  580.7 |
               +--------+--------+--------+--------+--------+-----+--------+

Top non-repeatable levels by time:
     D:1: 1029 daAuts
     D:2: 647 daAuts
     D:3: 65 daAuts
